[Event "Belarus-ch Women 2022"]
[Site "Minsk"]
[Date "2022.01.15"]
[Round "5.5"]
[White "Shaban, Aliaksandra"]
[Black "Liashkevich, Lizaveta"]
[Result "1/2-1/2"]
[ECO "B22"]
[WhiteElo "1680"]
[BlackElo "1569"]
[Annotator "NA"]
[PlyCount "106"]
[EventDate "2022.01.11"]
[EventType "tourn"]
[EventCountry "BLR"]
[SourceTitle "playchess.com"]
[Source "ChessBase"]
[SourceQuality "1"]
[TimeControl "40/5400+30:1800+30"]

1. e4 c5 2. c3 d5 3. exd5 Qxd5 4. d4 Nf6 5. Nf3 Bg4 6. Be2 e6 7. h3 Bh5 8. O-O Nc6 9. Be3 cxd4 10. Nxd4 Bxe2 11. Qxe2 Nxd4 12. Bxd4 Be7 13. Nd2 O-O 14. Nf3 Rfd8 15. Rfd1 Qa5 16. c4 Rac8 17. a3 Nd7 18. b4 Qc7 19. Rac1 a5 20. c5 axb4 21. axb4 Bf6 22. Qe3 Qc6 23. Qe2 Qc7 24. g3 h6 25. h4 Re8 26. Bxf6 Nxf6 27. Nd4 Red8 28. Nb5 Qe7 29. Nd6 Rc7 30. Rc4 Rcd7 31. Rcd4 Nd5 32. Re1 Qf6 33. Qd3 Kh8 34. Kg2 Kg8 35. Kg1 Kh8 36. b5 Rxd6 37. cxd6 Rxd6 38. Rc4 g6 39. Qe4 Kg7 40. Rc8 b6 41. Qe5 Qxe5 42. Rxe5 Rd7 43. Rc6 Kf6 44. Re1 Ra7 45. Rd1 Rd7 46. Rdc1 Ra7 47. Kf1 Ra5 48. Rb1 h5 49. Rb2 Ke7 50. Ke2 Kd7 51. Kd3 Rxb5 52. Rxb5 Kxc6 53. Kc4 Kc7 1/2-1/2

[Event "Belarus-ch Women 2022"]
[Site "Minsk"]
[Date "2022.01.16"]
[Round "6.1"]
[White "Sidorenja, Milena"]
[Black "Liashkevich, Lizaveta"]
[Result "0-1"]
[ECO "B22"]
[WhiteElo "1510"]
[BlackElo "1569"]
[Annotator "NA RC"]
[PlyCount "88"]
[EventDate "2022.01.11"]
[EventType "tourn"]
[EventCountry "BLR"]
[SourceTitle "playchess.com"]
[Source "ChessBase"]
[SourceQuality "1"]
[TimeControl "40/5400+30:1800+30"]

1. e4 c5 2. c3 d5 3. exd5 Qxd5 4. d4 Nf6 5. Nf3 Nc6 6. Be2 e6 7. O-O cxd4 8. cxd4 Be7 9. Nc3 Qd6 10. a3 a6 11. h3 O-O 12. Be3 b5 13. Qc2 Bb7 14. Rad1 Rac8 15. Qb1 Rfd8 16. Bd3 b4 17. Na4 a5 18. Nb6 Rb8 19. Nc4 Qc7 20. Rc1 h6 21. Rfd1 Nd5 22. Bh7+ Kf8 23. Nfe5 Rbc8 24. Bxh6 gxh6 25. Nxf7 Bf6 26. Nxd8 Rxd8 27. Qe4 Qg7 28. Rd3 Rd7 29. Bg6 Nde7 30. Nb6 Rc7 31. Rg3 Nxd4 32. Rxc7 Bxe4 33. Nd7+ Kg8 34. Bf7+ Kxf7 35. Rxg7+ Bxg7 36. axb4 axb4 37. Nc5 Bd5 38. Nd3 b3 39. Kf1 Be4 40. Nc5 Bc2 41. Na4 Be5 42. Rb7 Kf6 43. g3 Be4 44. Rb4 Nd5 0-1

[Event "Belarus-ch Women 2022"]
[Site "Minsk"]
[Date "2022.01.16"]
[Round "6.2"]
[White "Bendik, Margarita"]
[Black "Shaban, Aliaksandra"]
[Result "0-1"]
[ECO "A00"]
[WhiteElo "1388"]
[BlackElo "1680"]
[Annotator "NA RC"]
[PlyCount "136"]
[EventDate "2022.01.11"]
[EventType "tourn"]
[EventCountry "BLR"]
[SourceTitle "playchess.com"]
[Source "ChessBase"]
[SourceQuality "1"]
[TimeControl "40/5400+30:1800+30"]

1. Nf3 Nf6 2. b4 d5 3. Bb2 e6 4. a3 c5 5. b5 a6 6. e3 axb5 7. Bxb5+ Bd7 8. a4 Bd6 9. c4 dxc4 10. Na3 Nc6 11. Nxc4 Bc7 12. O-O O-O 13. Qe2 Nd5 14. Rfd1 Nb6 15. d4 cxd4 16. Nxb6 Bxb6 17. Nxd4 Qe8 18. Ba3 Bxd4 19. Bxc6 Bxc6 20. Rxd4 e5 21. Rd2 Rxa4 22. Raa2 Bb5 23. Qd1 Qa8 24. Bxf8 Rxa2 25. Rxa2 Qxa2 26. Be7 h6 27. h3 Bc6 28. Qd8+ Kh7 29. Qd3+ e4 30. Qc3 Qe6 31. Bc5 Qd5 32. Bd4 f6 33. Qb4 Qe6 34. Qc5 Kg8 35. Qb6 Qd7 36. Kh2 Kf7 37. Kg1 Bd5 38. Bb2 Bc4 39. Kh2 Kg6 40. Bd4 Bd3 41. Qc5 Qf5 42. Qxf5+ Kxf5 43. g4+ Ke6 44. Kg3 g6 45. h4 f5 46. gxf5+ Kxf5 47. Bg7 h5 48. f3 b5 49. fxe4+ Kxe4 50. Bd4 b4 51. Bc5 b3 52. Bd4 Bc2 53. Kf2 Kf5 54. Kf3 Bd3 55. Bb2 Be4+ 56. Kg3 g5 57. hxg5 Kxg5 58. Kh3 h4 59. Bc3 Bf5+ 60. Kg2 Kg4 61. Bb2 h3+ 62. Kh2 Kf3 63. Bd4 Be6 64. Kg1 Ke4 65. Kf2 Kd3 66. Kg3 Kc2 67. e4 b2 68. Bxb2 Kxb2 0-1

[Event "Belarus-ch Women 2022"]
[Site "Minsk"]
[Date "2022.01.16"]
[Round "6.4"]
[White "Zeliantsova, Kseniya"]
[Black "Koishman, Karina"]
[Result "1-0"]
[ECO "B40"]
[WhiteElo "1988"]
[BlackElo "1359"]
[Annotator "ChessBase"]
[PlyCount "63"]
[EventDate "2022.01.11"]
[EventType "tourn"]
[EventCountry "BLR"]
[SourceTitle "playchess.com"]
[Source "ChessBase"]
[SourceQuality "1"]
[TimeControl "40/5400+30:1800+30"]

1. e4 c5 2. Nf3 e6 3. Nc3 Nc6 4. g3 Nf6 5. Bg2 d5 6. exd5 exd5 7. d4 h6 8. O-O Be7 9. Be3 cxd4 10. Nxd4 O-O 11. h3 Ne5 12. b3 Bb4 13. Nde2 Nc6 14. Nb5 a6 15. Nbd4 Ne7 16. Qd3 Bd7 17. f4 Ne8 18. f5 Rc8 19. Rf4 Qc7 20. Raf1 Bc5 21. Qd2 Bxd4 22. Nxd4 Qc3 23. Qc1 Nc6 24. Nxc6 Rxc6 25. Bxd5 Rd6 26. Bg2 Bb5 27. Re1 Nf6 28. a4 Bc6 29. Rc4 Qa5 30. Bc5 Rd2 31. Bxc6 Rfd8 32. Bg2 1-0

[Event "Belarus-ch Women 2022"]
[Site "Minsk"]
[Date "2022.01.16"]
[Round "6.5"]
[White "Norman, Kseniya"]
[Black "Khomich, Maryna"]
[Result "1/2-1/2"]
[ECO "A07"]
[WhiteElo "1810"]
[BlackElo "1627"]
[Annotator "NA RC"]
[PlyCount "92"]
[EventDate "2022.01.11"]
[EventType "tourn"]
[EventCountry "BLR"]
[SourceTitle "playchess.com"]
[Source "ChessBase"]
[SourceQuality "1"]
[TimeControl "40/5400+30:1800+30"]

1. Nf3 d5 2. g3 Nf6 3. Bg2 c6 4. d3 Bf5 5. O-O h6 6. Nbd2 Nbd7 7. Qe1 e5 8. e4 dxe4 9. Nxe4 Nxe4 10. dxe4 Be6 11. b3 Qc7 12. Bb2 Bd6 13. Qc3 O-O 14. Rad1 a5 15. a3 Rfd8 16. Nh4 Be7 (16... a4 $15 {feels stronger.} 17. Nf5 Bxf5 18. exf5 axb3) 17. Nf5 Bf6 18. Qf3 Bxf5 19. Qxf5 a4 20. b4 Nb6 21. Bc1 Rd6 22. Qg4 Qd7 (22... Rad8 $11) 23. Qxd7 Rxd7 24. Rxd7 Nxd7 25. Be3 Rd8 26. Rd1 Kf8 27. c4 Ke8 28. Bf3 Bg5 29. Bxg5 hxg5 30. Be2 b6 31. f3 f6 32. Kf2 c5 33. b5 Ke7 34. Rd5 Ra8 35. Bf1 Ra7 36. Ke3 Nf8 37. Bh3 Ng6 38. Bf5 Nh8 39. Rd2 Nf7 40. Bh7 Ra8 41. Bf5 $19 Nd6 42. Kd3 Nxf5 43. exf5 Rd8+ 44. Kc3 Rd4 45. Rd3 Kd6 46. Rd2 Kc7 1/2-1/2

[Event "Belarus-ch Women 2022"]
[Site "Minsk"]
[Date "2022.01.17"]
[Round "7.1"]
[White "Khomich, Maryna"]
[Black "Sidorenja, Milena"]
[Result "0-1"]
[ECO "A07"]
[WhiteElo "1627"]
[BlackElo "1510"]
[Annotator "NA RC"]
[PlyCount "72"]
[EventDate "2022.01.11"]
[EventType "tourn"]
[EventCountry "BLR"]
[SourceTitle "playchess.com"]
[Source "ChessBase"]
[SourceQuality "1"]
[TimeControl "40/5400+30:1800+30"]

1. Nf3 d5 2. g3 Nf6 3. Bg2 Bf5 4. O-O e6 5. d3 h6 6. Nc3 c6 7. Nd2 Bc5 8. e4 Bh7 9. Kh1 O-O 10. Qe1 a5 11. f4 Na6 12. a3 b5 13. e5 Nd7 14. Ne2 Bb6 15. g4 c5 16. Qg3 c4 17. f5 cxd3 18. cxd3 Qe7 19. d4 Kh8 20. f6 gxf6 21. exf6 Qd8 22. Qh4 Rg8 23. Nf3 Qxf6 24. g5 Qe7 25. Qxh6 Rg6 26. Qh4 Bc7 27. Nf4 Bxf4 28. Bxf4 f6 29. gxf6 Qxf6 30. Ng5 Qe7 31. Bd2 Rf8 32. Rxf8+ Nxf8 33. Rf1 Rg7 34. Qh6 Nb8 35. Bf4 Nbd7 36. Qh4 Ng6 0-1

[Event "Belarus-ch Women 2022"]
[Site "Minsk"]
[Date "2022.01.17"]
[Round "7.2"]
[White "Koishman, Karina"]
[Black "Norman, Kseniya"]
[Result "0-1"]
[ECO "D01"]
[WhiteElo "1359"]
[BlackElo "1810"]
[Annotator "NA RC"]
[PlyCount "58"]
[EventDate "2022.01.11"]
[EventType "tourn"]
[EventCountry "BLR"]
[SourceTitle "playchess.com"]
[Source "ChessBase"]
[SourceQuality "1"]
[TimeControl "40/5400+30:1800+30"]

1. d4 Nf6 2. Nc3 d5 3. Bg5 Nbd7 4. f3 c5 5. e4 cxd4 6. Bxf6 Nxf6 7. Qxd4 dxe4 $1 8. Bb5+ Bd7 9. O-O-O Bxb5 10. Qe5 {[%emt 0:06:42] [#]} (10. Nxb5 $11 {remains equal.} Qxd4 11. Rxd4) 10... Bd3 $1 11. cxd3 exd3 12. Qb5+ Qd7 13. Qxd3 Qxd3 14. Rxd3 e6 15. Nge2 Be7 16. Rhd1 a6 17. Ng3 Rc8 18. Kb1 Rd8 19. Nge4 Rxd3 20. Rxd3 Nd7 21. Nd6+ $17 Bxd6 22. Rxd6 Ke7 23. Rd4 Rd8 24. b4 Nb6 25. Rxd8 Kxd8 26. Ne4 Kd7 27. g4 Nc4 28. Kc1 Ne5 29. Nc5+ Kc6 0-1

[Event "Belarus-ch Women 2022"]
[Site "Minsk"]
[Date "2022.01.17"]
[Round "7.4"]
[White "Shaban, Aliaksandra"]
[Black "Ajusheva, Renata"]
[Result "1/2-1/2"]
[ECO "B06"]
[WhiteElo "1680"]
[BlackElo "1464"]
[Annotator "NA RC"]
[PlyCount "60"]
[EventDate "2022.01.11"]
[EventType "tourn"]
[EventCountry "BLR"]
[SourceTitle "playchess.com"]
[Source "ChessBase"]
[SourceQuality "1"]
[TimeControl "40/5400+30:1800+30"]

1. e4 g6 2. d4 Bg7 3. Nf3 d6 4. Bd3 Nc6 5. c3 e5 6. dxe5 Nxe5 7. Nxe5 Bxe5 8. Be3 Ne7 9. Nd2 O-O 10. Nf3 Bg7 11. O-O Nc6 12. Bc2 h6 13. Qd2 Kh7 14. Nd4 Nxd4 15. Bxd4 Bxd4 16. Qxd4 Bd7 17. Rfe1 Bc6 18. f3 Re8 19. Rad1 Qg5 20. Bb3 Re7 21. Bd5 Bxd5 22. Qxd5 Qxd5 23. exd5 Rae8 24. Kf2 Kg7 25. Rxe7 Rxe7 26. c4 f5 27. g3 g5 28. Rd3 Kf6 29. Re3 Rxe3 30. Kxe3 Ke5 1/2-1/2

[Event "Belarus-ch Women 2022"]
[Site "Minsk"]
[Date "2022.01.17"]
[Round "7.5"]
[White "Liashkevich, Lizaveta"]
[Black "Bendik, Margarita"]
[Result "1-0"]
[ECO "A40"]
[WhiteElo "1569"]
[BlackElo "1388"]
[Annotator "NA RC"]
[PlyCount "67"]
[EventDate "2022.01.11"]
[EventType "tourn"]
[EventCountry "BLR"]
[SourceTitle "playchess.com"]
[Source "ChessBase"]
[SourceQuality "1"]
[TimeControl "40/5400+30:1800+30"]

1. d4 b5 2. a4 b4 3. c4 Bb7 4. Nd2 Nf6 5. Qc2 e6 6. e4 d5 7. e5 Nfd7 8. c5 Nc6 9. Nb3 a5 10. Bd3 h6 11. f4 Be7 12. Nf3 Qc8 13. Qf2 Ba6 14. Bc2 Bc4 15. Nbd2 Qa6 16. Qe3 b3 17. Nxb3 Nb4 18. Bb1 Rb8 19. Nbd2 Bd3 20. Kf2 Bxb1 21. Rxb1 Nd3+ 22. Kg3 Rb4 23. b3 g5 24. fxg5 hxg5 25. Ba3 g4 26. Bxb4 gxf3 27. Bc3 fxg2 28. Kxg2 Nf8 29. Rhf1 Ng6 30. Kh1 Rh5 31. Rf3 Bg5 32. Qxd3 Qc8 33. Rbf1 Rh7 34. Rxf7 1-0

[Event "Belarus-ch Women 2022"]
[Site "Minsk"]
[Date "2022.01.18"]
[Round "8.1"]
[White "Sidorenja, Milena"]
[Black "Bendik, Margarita"]
[Result "1/2-1/2"]
[ECO "A48"]
[WhiteElo "1510"]
[BlackElo "1388"]
[Annotator "NA RC"]
[PlyCount "126"]
[EventDate "2022.01.11"]
[EventType "tourn"]
[EventCountry "BLR"]
[SourceTitle "playchess.com"]
[Source "ChessBase"]
[SourceQuality "1"]
[TimeControl "40/5400+30:1800+30"]

1. d4 Nf6 2. Nf3 g6 3. Bf4 Bg7 4. e3 O-O 5. c3 d6 6. h3 b6 7. Bc4 Bb7 8. O-O Nbd7 9. Nbd2 Qe8 10. Bh2 e5 11. a4 a6 12. b4 Qe7 13. Qb3 e4 14. Ne1 Kh8 15. Nc2 Nh5 16. Be2 Qg5 17. c4 f5 18. c5 f4 19. Bxh5 Qxh5 20. cxd6 f3 21. Qe6 Nf6 22. Qe5 g5 23. dxc7 Rae8 24. Qg3 Nd5 25. gxf3 exf3 26. Nc4 Bc8 27. Nd6 Bxh3 28. Nxe8 Nc3 29. Rfe1 Rxe8 30. e4 Rf8 31. e5 Be6 32. Rac1 Rc8 33. d5 Nxd5 34. Nd4 Nf4 35. Nxe6 Nxe6 36. Red1 Nf4 37. Rd8+ Bf8 38. Re1 Ne2+ 39. Rxe2 fxe2 40. Qc3 Qg4+ 41. Bg3 Kg8 42. Rxc8 Qxc8 43. f3 a5 44. bxa5 Qh3 45. Kf2 Qf1+ 46. Ke3 Bc5+ 47. Ke4 e1=Q+ 48. Bxe1 Qa6 49. Qb3+ Kg7 50. Qd3 Qb7+ 51. Qd5 Qxc7 52. a6 Kg6 53. Bd2 Qc8 54. e6 h6 55. a7 Qa6 56. Qf5+ Kh5 57. Qf7+ Kh4 58. Kd5 Qd3+ 59. Kc6 Qd6+ 60. Kb7 Qd5+ 61. Kb8 Qd8+ 62. Kb7 Qd5+ 63. Kb8 Qd8+ 1/2-1/2

[Event "Belarus-ch Women 2022"]
[Site "Minsk"]
[Date "2022.01.18"]
[Round "8.2"]
[White "Ajusheva, Renata"]
[Black "Liashkevich, Lizaveta"]
[Result "1/2-1/2"]
[ECO "A13"]
[WhiteElo "1464"]
[BlackElo "1569"]
[Annotator "NA RC"]
[PlyCount "73"]
[EventDate "2022.01.11"]
[EventType "tourn"]
[EventCountry "BLR"]
[SourceTitle "playchess.com"]
[Source "ChessBase"]
[SourceQuality "1"]
[TimeControl "40/5400+30:1800+30"]

1. c4 e6 2. Nf3 d5 3. e3 Nf6 4. b3 c5 5. Bb2 Be7 6. Nc3 O-O 7. cxd5 Nxd5 8. Nxd5 Qxd5 9. Bc4 Qd8 10. O-O Nc6 11. Rc1 b6 12. Qc2 Bb7 13. Be2 Rc8 14. Qb1 Bf6 15. Rfd1 Bxb2 16. Qxb2 Qe7 17. d4 Qf6 18. Qb1 cxd4 19. Nxd4 Nxd4 20. Rxd4 Qg5 21. Rg4 Qa5 22. Rgc4 Qg5 23. Bf1 Rxc4 24. Rxc4 Ba6 25. Ra4 Bxf1 26. Qxf1 a5 27. Rc4 Rd8 28. Qc1 h6 29. Rc8 Qd5 30. Rxd8+ Qxd8 31. g3 Qd6 32. Qc8+ Kh7 33. Qc2+ Kg8 34. a4 Kh8 35. Qc4 Kg8 36. e4 Kh8 37. Qc8+ 1/2-1/2

[Event "Belarus-ch Women 2022"]
[Site "Minsk"]
[Date "2022.01.18"]
[Round "8.5"]
[White "Khomich, Maryna"]
[Black "Koishman, Karina"]
[Result "1-0"]
[ECO "D34"]
[WhiteElo "1627"]
[BlackElo "1359"]
[Annotator "NA RC"]
[PlyCount "105"]
[EventDate "2022.01.11"]
[EventType "tourn"]
[EventCountry "BLR"]
[SourceTitle "playchess.com"]
[Source "ChessBase"]
[SourceQuality "1"]
[TimeControl "40/5400+30:1800+30"]

1. Nf3 Nf6 2. g3 e6 3. Bg2 d5 4. c4 c5 5. O-O Nc6 6. cxd5 exd5 7. d4 cxd4 8. Nxd4 Be7 9. Nc3 O-O 10. Be3 Re8 11. Qa4 Be6 12. Nxc6 bxc6 13. Qxc6 Rc8 14. Qa6 Rc4 15. Bxa7 Bc8 16. Qb6 Qd7 17. Qb5 Qxb5 18. Nxb5 Bd7 19. Nc3 d4 20. Nd5 Nxd5 21. Bxd5 Rb4 22. b3 Bf6 23. Rad1 Bh3 24. Rfe1 Rd8 25. Bg2 Bxg2 26. Kxg2 h6 27. Rd2 Rb5 28. Rc1 Rb7 29. Bc5 Kh7 30. Rcd1 Ra8 31. Rc2 Rd7 32. a4 Kg6 33. Rd3 Kf5 34. Rcd2 Rb7 35. Kf3 g5 36. h3 Be5 37. Ra2 Ke6 38. a5 f5 39. b4 h5 40. Ra4 g4+ 41. Kg2 h4 42. Bxd4 Bd6 43. Bc5 Be5 44. hxg4 fxg4 45. gxh4 Rh7 46. a6 Rxh4 47. e3 Rh2+ 48. Kf1 g3 49. fxg3 Rah8 50. e4 Rc2 51. a7 Rhh2 52. Ra6+ Bd6 53. Rdxd6+ 1-0

[Event "Belarus-ch Women 2022"]
[Site "Minsk"]
[Date "2022.01.19"]
[Round "9.1"]
[White "Koishman, Karina"]
[Black "Sidorenja, Milena"]
[Result "1/2-1/2"]
[ECO "A80"]
[WhiteElo "1359"]
[BlackElo "1510"]
[Annotator "NA"]
[PlyCount "60"]
[EventDate "2022.01.11"]
[EventType "tourn"]
[EventCountry "BLR"]
[SourceTitle "playchess.com"]
[Source "ChessBase"]
[SourceQuality "1"]
[TimeControl "40/5400+30:1800+30"]

1. d4 d5 2. Nc3 f5 3. f3 Nf6 4. Bg5 e6 5. e4 Be7 6. e5 Nfd7 7. Bxe7 Qxe7 8. f4 O-O 9. Nf3 a6 10. Bd3 c5 11. O-O b5 12. a3 Nc6 13. Qe1 Bb7 14. Qg3 Rac8 15. Qh3 Nxd4 16. Nxd4 cxd4 17. Ne2 Nc5 18. Nxd4 Nxd3 19. cxd3 Qc5 20. Qe3 g6 21. Rac1 Qb6 22. Nxf5 Qxe3+ 23. Nxe3 Rxc1 24. Rxc1 Rxf4 25. Rc7 Rf7 26. Rxf7 Kxf7 27. d4 h5 28. h4 g5 29. g3 Kg6 30. b4 Bc6 1/2-1/2

[Event "Belarus-ch Women 2022"]
[Site "Minsk"]
[Date "2022.01.19"]
[Round "9.2"]
[White "Poliakova, Varvara"]
[Black "Khomich, Maryna"]
[Result "1-0"]
[ECO "B18"]
[WhiteElo "2116"]
[BlackElo "1627"]
[Annotator "ChessBase"]
[PlyCount "47"]
[EventDate "2022.01.11"]
[EventType "tourn"]
[EventCountry "BLR"]
[SourceTitle "playchess.com"]
[Source "ChessBase"]
[SourceQuality "1"]
[TimeControl "40/5400+30:1800+30"]

1. e4 c6 2. d4 d5 3. Nd2 dxe4 4. Nxe4 Bf5 5. Ng3 Bg6 6. h4 h6 7. Nh3 e6 8. Nf4 Bh7 9. c3 Nf6 10. Bd3 Bxd3 11. Qxd3 Nbd7 12. O-O Bd6 13. Re1 O-O 14. Qf3 Nd5 15. Nfh5 N5f6 16. Ne4 Be7 17. Nexf6+ Nxf6 18. Bxh6 Nxh5 19. Qxh5 Bxh4 20. Re4 Bf6 21. Rg4 Qd5 22. Rxg7+ Kh8 23. Bg5+ Kxg7 24. Qh6+ 1-0

[Event "Belarus-ch Women 2022"]
[Site "Minsk"]
[Date "2022.01.19"]
[Round "9.3"]
[White "Shaban, Aliaksandra"]
[Black "Norman, Kseniya"]
[Result "1/2-1/2"]
[ECO "A35"]
[WhiteElo "1680"]
[BlackElo "1810"]
[Annotator "NA"]
[PlyCount "40"]
[EventDate "2022.01.11"]
[EventType "tourn"]
[EventCountry "BLR"]
[SourceTitle "playchess.com"]
[Source "ChessBase"]
[SourceQuality "1"]
[TimeControl "40/5400+30:1800+30"]

1. d4 g6 2. c4 Bg7 3. Nc3 c5 4. Nf3 cxd4 5. Nxd4 Nc6 6. e3 Nf6 7. Be2 O-O 8. O-O d6 9. Bf3 Ne5 10. Be2 Bd7 11. b3 a6 12. Bb2 Rc8 13. Rc1 Re8 14. Qd2 Qb6 15. Rfd1 Qa7 16. h3 Nc6 17. Bf3 Ne5 18. Be2 Nc6 19. Bf3 Ne5 20. Be2 Nc6 1/2-1/2

[Event "Belarus-ch Women 2022"]
[Site "Minsk"]
[Date "2022.01.19"]
[Round "9.4"]
[White "Liashkevich, Lizaveta"]
[Black "Zeliantsova, Kseniya"]
[Result "0-1"]
[ECO "A42"]
[WhiteElo "1569"]
[BlackElo "1988"]
[Annotator "ChessBase"]
[PlyCount "80"]
[EventDate "2022.01.11"]
[EventType "tourn"]
[EventCountry "BLR"]
[SourceTitle "playchess.com"]
[Source "ChessBase"]
[SourceQuality "1"]
[TimeControl "40/5400+30:1800+30"]

1. d4 d6 2. c4 g6 3. Nf3 Bg7 4. e4 Nd7 5. Nc3 e5 6. Be2 Ne7 7. dxe5 dxe5 8. h4 h6 9. h5 g5 10. O-O O-O 11. Be3 f5 12. exf5 Nxf5 13. Qd2 c6 14. c5 Qe7 15. Bc4+ Kh8 16. Ne4 Nf6 17. Nd6 Nxh5 18. Rfe1 Be6 19. Bxe6 Qxe6 20. Nxb7 Nxe3 21. Rxe3 Nf4 22. Nh2 Nd5 23. Re2 Qf7 24. Nd6 Qh5 25. Rae1 Rab8 26. b3 Nf4 27. Re4 Ne6 28. b4 Nd4 29. Nc4 Rbd8 30. Qb2 Rf4 31. g3 Rxe4 32. Rxe4 Qh3 33. Qc3 Qf5 34. Qe3 Nc2 35. Qe2 Rd4 36. f3 Nxb4 37. a3 Nd5 38. Ng4 Nc3 39. Qe1 Rd1 40. Qxd1 Nxd1 0-1

[Event "Belarus-ch Women 2022"]
[Site "Minsk"]
[Date "2022.01.19"]
[Round "9.5"]
[White "Bendik, Margarita"]
[Black "Ajusheva, Renata"]
[Result "1/2-1/2"]
[ECO "A00"]
[WhiteElo "1388"]
[BlackElo "1464"]
[Annotator "NA"]
[PlyCount "70"]
[EventDate "2022.01.11"]
[EventType "tourn"]
[EventCountry "BLR"]
[SourceTitle "playchess.com"]
[Source "ChessBase"]
[SourceQuality "1"]
[TimeControl "40/5400+30:1800+30"]

1. b4 e5 2. Bb2 d6 3. c4 Nf6 4. g3 g6 5. Bg2 Bg7 6. d3 c6 7. Nd2 h5 8. h4 Nbd7 9. Ngf3 O-O 10. Qc2 Ng4 11. O-O Qe7 12. a4 a5 13. b5 c5 14. Ne4 Nb6 15. Nc3 Bf5 16. Nd2 Kh8 17. Nd5 Nxd5 18. cxd5 b6 19. Nc4 Rab8 20. Rae1 Bc8 21. e4 Kh7 22. f3 Nh6 23. f4 Ng4 24. Bc3 f6 25. Bd2 Qd8 26. fxe5 dxe5 27. Bf3 Bd7 28. Bxg4 Bxg4 29. Rf2 Re8 30. Kh2 Rc8 31. Be3 Re7 32. Ref1 Ra7 33. Qd2 Rb7 34. Rc1 Rbb8 35. Qe1 Ra8 1/2-1/2